 Dungeon Crawl Stone Soup version 0.28.0-43-g3370ac3207 (webtiles) character file.

Game seed: 14712834435037221641

47 Ablot the Grasshopper (level 3, -14/31 HPs)
             Began as a Gnoll Warper on Mar 6, 2022.
             Demolished by an ogre
             ... wielding a +0 giant spiked club
              (21 damage)
             ... on level 2 of the Dungeon.
             The game lasted 00:02:24 (1928 turns).

Ablot the Grasshopper (Gnoll Warper)                Turns: 1928, Time: 00:02:24

Health: -14/31     AC: 13    Str: 12    XL:     3   Next: 70%
Magic:  6/9        EV: 12    Int: 12    God:
Gold:   82         SH:  0    Dex: 11    Spells: 10/12 levels left

rFire   . . .      SeeInvis .   o - +0 rapier (protect)
rCold   . . .      Faith    .   (no shield)
rNeg    . . .      Spirit   .   b - +0 leather armour
rPois   .          Reflect  .   (no helmet)
rElec   .          Harm     .   (no cloak)
rCorr   .          Rampage  .   m - +2 pair of gloves
Will    .....                   (no boots)
Stlth   +.........              p - amulet of the acrobat
HPRegen 0.10/turn               (no ring)
MPRegen 0.11/turn               (no ring)

@: under a protective aura, on blink cooldown
A: fangs 1, strong nose, distributed training
a: no special abilities


You were on level 2 of the Dungeon.
You visited 1 branch of the dungeon, and saw 3 of its levels.

You collected 82 gold pieces.

Inventory:

Hand Weapons
 a - a +0 spear
 o - a +0 rapier of protection (weapon)
Missiles
 d - 5 boomerangs of dispersal
 i - 107 stones
 l - 40 bolts
 n - 14 arrows
 s - 3 boomerangs (quivered)
Armour
 b - a +0 leather armour (worn)
 m - a +2 pair of gloves (worn)
Jewellery
 p - an amulet of the acrobat (around neck)
Wands
 t - a wand of acid (8)
Scrolls
 c - a scroll of blinking
 f - a scroll of vulnerability {unknown}
 j - 2 scrolls of identify {unknown}
 q - a scroll of teleportation {unknown}
Potions
 e - a potion of degeneration {unknown}
 g - a potion of brilliance {unknown}
 h - 2 potions of heal wounds {unknown}
 k - a potion of flight {unknown}
 r - a potion of curing {unknown}
 u - a potion of mutation {unknown}
 v - a potion of ambrosia {unknown}


   Skills:
 + Level 4.5 Fighting
 + Level 0.9 Short Blades
 + Level 0.9 Long Blades
 + Level 0.9 Axes
 + Level 0.9 Maces & Flails
 + Level 4.5 Polearms
 + Level 0.9 Staves
 + Level 0.9 Slings
 + Level 0.9 Bows
 + Level 0.9 Crossbows
 + Level 2.6 Throwing
 + Level 2.6 Armour
 + Level 4.5 Dodging
 + Level 0.9 Stealth
 + Level 0.9 Shields
 + Level 0.9 Unarmed Combat
 + Level 5.0 Spellcasting
 + Level 0.6 Conjurations
 + Level 0.6 Hexes
 + Level 0.6 Summonings
 + Level 0.6 Necromancy
 + Level 5.4 Translocations
 + Level 0.6 Transmutations
 + Level 0.6 Fire Magic
 + Level 0.6 Ice Magic
 + Level 0.6 Air Magic
 + Level 0.6 Earth Magic
 + Level 0.6 Poison Magic
 + Level 1.0 Invocations
 + Level 0.9 Evocations


You had 10 spell levels left.
You knew the following spells:

 Your Spells              Type           Power      Damage    Failure   Level
a - Blink                 Tloc           32%        N/A       4%          2

Your spell library contained the following spells:

 Spells                   Type           Power      Damage    Failure   Level
 Gell's Gravitas          Tloc           16%        N/A       9%          3
 Lesser Beckoning         Tloc           16%        N/A       9%          3
 Teleport Other           Tloc           16%        N/A       9%          3
 Manifold Assault         Tloc           16%        N/A       58%         5


Dungeon Overview and Level Annotations

Branches:
Dungeon (3/15)

Altars:


Innate Abilities, Weirdness & Mutations

You have very sharp teeth.
Your uncanny sense of smell can sniff out nearby items.
Your experience applies equally to all skills.


Message History

Throw: 3 boomerangs
Press: ? - help, Q - select action, (/) - cycle Shift-Dir - straight line, f/p - ogre
Aim: an ogre, wielding a +0 giant spiked club (heavily wounded, 74% to hit)
You throw a boomerang.
The boomerang hits the ogre but does no damage.
The ogre is heavily wounded.
Throw: 3 boomerangs
Press: ? - help, Q - select action, (/) - cycle Shift-Dir - straight line, f/p - ogre
Aim: an ogre, wielding a +0 giant spiked club (heavily wounded, 74% to hit)
You throw a boomerang. The boomerang hits the ogre.
The ogre is heavily wounded.
You feel stable enough to blink again.
Throw: 3 boomerangs
Press: ? - help, Q - select action, (/) - cycle Shift-Dir - straight line, f/p - ogre
Aim: an ogre, wielding a +0 giant spiked club (heavily wounded, 74% to hit)
You throw a boomerang.
The boomerang hits the ogre but does no damage.
The ogre is heavily wounded.
Throw: 3 boomerangs
Press: ? - help, Q - select action, (/) - cycle Shift-Dir - straight line, f/p - ogre
Aim: an ogre, wielding a +0 giant spiked club (heavily wounded, 74% to hit)
You throw a boomerang. The boomerang hits the ogre.
The ogre is severely wounded.
Unknown command.
Casting: Blink (safe; 4% risk of failure)
Confirm with . or Enter, or press ? or * to list all spells.
You blink.
You closely miss the ogre.
The ogre is severely wounded.
The ogre closely misses you.
You hit the ogre.
Your weapon exudes an aura of protection.
You punch the ogre, but do no damage.
The ogre is severely wounded.
The ogre barely misses you.
You hit the ogre but do no damage.
The ogre is severely wounded.
The ogre hits you with a +0 giant spiked club!!
Ouch! That really hurt!
You die...

####.##### #.# #>#### ########
#####.##.## .......# #...#.#.#.##
######.# #.#......#.#
######.####.........#########
##..........................#
##.###.#.#####.O@##########.#
)...............## #####.#####
##..##......##..# #.........#
#..###....###..# #.###.###.#
#...###..###..+## #.# #.# #.#
#....######.....## #.# #.# #.#
##.....# #.......## #.###.# #.#
.......# #........## #.#.#.###.#
##....######........###.........#


You could see an ogre.

Vanquished Creatures
  A gnoll (D:1)
  2 dart slugs (D:1)
  3 bats (D:1)
  2 endoplasms (D:1)
  3 giant cockroaches
  2 goblins (D:2)
  6 hobgoblins
  2 kobolds
  A quokka (D:1)
  2 ball pythons
  2 frilled lizards
  5 rats
31 creatures vanquished.

Notes
Turn   | Place    | Note
-------+----------+-------------------------------------------
     0 | D:1      | Ablot the Gnoll Warper began the quest for the Orb.
     0 | D:1      | Reached XP level 1. HP: 20/20 MP: 6/6
   106 | D:1      | Reached XP level 2. HP: 19/26 MP: 7/7
   109 | D:1      | Learned a level 2 spell: Blink
   598 | D:1      | Reached skill level 5 in Spellcasting
   598 | D:1      | Reached XP level 3. HP: 19/31 MP: 7/9
   839 | D:1      | Found a faded altar of an unknown god.
   969 | D:2      | Reached skill level 1 in Invocations
  1909 | D:3      | Noticed an ogre
  1928 | D:2      | Demolished by an ogre

Illustrated notes

Levels and vault maps discovered:
D:1:      eino_arrival_druids_welcome, layout_basic,
          dreamdust_ecumenical_altar_angels_and_demons
D:2:      layout_loops_corners, minivault_19
D:3:      layout_basic, gammafunk_ghost_gnarly_gnolls, chequers_arboretum,
          minmay_hedge_maze, nicolae_wormholes

Skill      XL: |  1  2  3 |
---------------+----------+-----
Spellcasting   | 5 |  5.0
Invocations    | 1 |  1.0
Fighting       | |  4.5
Short Blades   | |  0.9
Long Blades    | |  0.9
Axes           | |  0.9
Maces & Flails | |  0.9
Polearms       | |  4.5
Staves         | |  0.9
Slings         | |  0.9
Bows           | |  0.9
Crossbows      | |  0.9
Throwing       | |  2.6
Armour         | |  2.6
Dodging        | |  4.5
Stealth        | |  0.9
Shields        | |  0.9
Unarmed Combat | |  0.9
Conjurations   | |  0.6
Hexes          | |  0.6
Summonings     | |  0.6
Necromancy     | |  0.6
Translocations | |  5.4
Transmutations | |  0.6
Fire Magic     | |  0.6
Ice Magic      | |  0.6
Air Magic      | |  0.6
Earth Magic    | |  0.6
Poison Magic   | |  0.6
Evocations     | |  0.9

Action                   || total
-------------------------++-------
Melee: Spear             ||    45
       Bite              ||     7
       Rapier            ||    61
       Punch             ||     1
Throw: Boomerang         ||     5
 Cast: Blink             ||     2
 Stab: Sleeping          ||     1
Armor: Leather armour    ||    30
Dodge: Dodged            ||    57
